 Dungeon Sprint DCSS version 0.31-a0-841-g038b102fc3 (webtiles) character file.

Game seed: 15433638173963588035

590 sircluck the Grappler (level 7, -8/80 HPs)
             Began as a Troll Berserker on Sept 27, 2023.
             Was a Priest of Trog.
             Mangled by a gnoll
             ... wielding a +3 flail
              (11 damage)
             ... in the Dungeon (Sprint VII: "The Pits").
             The game lasted 00:00:48 (248 turns).

sircluck the Grappler (Troll Berserker)              Turns: 248, Time: 00:00:49

Health: -8/80      AC:  4    Str: 28    XL:     7   Next: 15%
Magic:  6/6        EV: 11    Int:  3    God:    Trog [***...]
Gold:   0          SH:  0    Dex:  9    Spells: 6/6 levels left

rFire   . .          .
                       - Unarmed
rCold   . . .        (no shield)
rNeg    . . .        a - +0 animal skin
rPois   .            (helmet restricted)
rElec   .            (no cloak)
rCorr   .            (gloves unavailable)
SInv    .            (boots unavailable)
Will    .....        (no amulet)
Stlth   +            (no ring)
HPRegen 1.13/turn    (no ring)
MPRegen 0.10/turn

%: no teleportation
@: no status effects
A: large, unfitting armour, claws 3, regeneration 1, shaggy fur 1, tough skin 1
a: Renounce Religion, Berserk, Trog's Hand


You were in the Dungeon.
You worshipped Trog.
Trog was most pleased with you.
You visited 1 branch

Inventory:

Missiles
 h - a curare-tipped dart (quivered)
Armour
 a - a +0 animal skin (worn)
Scrolls
 g - a scroll of blinking
 j - 2 scrolls of vulnerability
 k - a scroll of butterflies
Potions
 b - a potion of curing
 d - a potion of haste
 e - 4 potions of magic
 f - 3 potions of berserk rage
 i - 2 potions of invisibility


   Skills:
 + Level 8.0 Fighting
 + Level 7.9 Dodging
 + Level 9.5 Unarmed Combat


You had 6 spell levels left.
You didn't know any spells.
Your spell library was empty.

Dungeon Overview and Level Annotations

Branches:
Dungeon (1/1)

Altars:
Ashenzari
Cheibriados
Dithmenos
Elyvilon
Fedhas
Gozag
Hepliaklqana
Kikubaaqudgha
Makhleb
Nemelex Xobeh
Okawaru
Qazlal
Ru
Sif Muna
Trog
Uskayaw
Vehumet
Wu Jian
Xom
Yredelemnul
Zin
The Shining One
Jiyva
Lugonu


Innate Abilities, Weirdness & Mutations

You are too large for most types of armour.
You have claws for hands.
Your natural rate of healing is unusually fast.
You are covered in fur. (AC +1)
You have tough skin. (AC +1)


Message History

The gnoll barely misses you.
You scratch the gnoll.
The gnoll is moderately wounded.
The fire bat barely misses you. The adder skeleton bites you.
The gnoll completely misses you.
You scratch the gnoll.
The gnoll is severely wounded.
The fire bat bites you.
* * * LOW HITPOINT WARNING * * *
You are engulfed in flames!
* * * LOW HITPOINT WARNING * * *
The adder skeleton misses you. The fire bat bites you.
* * * LOW HITPOINT WARNING * * *
You are engulfed in flames!
* * * LOW HITPOINT WARNING * * *
You scratch the fire bat.
The fire bat is severely wounded.
The fire bat closely misses you. The gnoll misses you. The fire bat bites you.
* * * LOW HITPOINT WARNING * * *
You are engulfed in flames!
* * * LOW HITPOINT WARNING * * *
The gnoll barely misses you.
You feel much better. The fire bat bites you.
You are engulfed in flames!
* * * LOW HITPOINT WARNING * * *
The gnoll closely misses you. The fire bat bites you.
* * * LOW HITPOINT WARNING * * *
You are engulfed in flames!
* * * LOW HITPOINT WARNING * * *
Unknown command.
Unknown command.
You miss the fire bat.
The fire bat is heavily wounded.
The fire bat bites you.
* * * LOW HITPOINT WARNING * * *
You are engulfed in flames!
* * * LOW HITPOINT WARNING * * *
The gnoll hits you with a +3 flail!
You die...

#_______...###########
##########'##.........
#.?(.')))'.##......#..
##########.##.........
#..........†'.........
#+#####'#####......#..
#...#)# #.........
#..b#.# ####'#####
#..@'.# #.......##
##g#### #.......##
#.Z...# #.......##
#.....# #...<...##
#....... #.......#
#........##.......##
###########.......##
########## #


You could see a fire bat, a gnoll and an adder skeleton.

Vanquished Creatures
  A hellwing (D)
  A wyvern (D)
  A floating eye (D)
  A kobold brigand (D)
  A bullfrog (D)
  2 gnolls (D)
  A hobgoblin (D)
  A ball python skeleton (D)
  A ball python zombie (D)
10 creatures vanquished.

Notes
Turn   | Place    | Note
-------+----------+-------------------------------------------
     0 | D        | sircluck the Troll Berserker began the quest for the Orb.
     0 | D        | Reached XP level 1. HP: 22/22 MP: 0/0
    17 | D        | Noticed a kobold brigand
    17 | D        | Noticed a bullfrog
    17 | D        | Noticed a hellwing
    21 | D        | Killed a bullfrog
    22 | D        | Reached skill level 5 in Unarmed Combat
    22 | D        | Reached XP level 2. HP: 33/33 MP: 1/1
    22 | D        | Reached XP level 3. HP: 40/40 MP: 2/2
    25 | D        | Killed a kobold brigand
    26 | D        | Reached skill level 5 in Fighting
    26 | D        | Reached skill level 5 in Dodging
    26 | D        | Reached skill level 6 in Unarmed Combat
    26 | D        | Reached XP level 4. HP: 50/50 MP: 3/3
    30 | D        | Killed a hellwing
    30 | D        | Reached ** piety under Trog
    31 | D        | Reached skill level 8 in Unarmed Combat
    31 | D        | Reached XP level 5. HP: 46/61 MP: 4/4
    31 | D        | Reached XP level 6. HP: 52/68 MP: 5/5
    86 | D        | Noticed a wyvern
    99 | D        | Killed a wyvern
   100 | D        | Reached skill level 9 in Unarmed Combat
   170 | D        | Found a bloodstained altar of Trog.
   170 | D        | Found a shimmering blue altar of Sif Muna.
   170 | D        | Found a viscous altar of Jiyva.
   170 | D        | Found a hazy altar of Hepliaklqana.
   170 | D        | Found an opulent altar of Gozag.
   171 | D        | Found a glowing golden altar of the Shining One.
   171 | D        | Found a glowing silver altar of Zin.
   171 | D        | Found a basalt altar of Yredelemnul.
   171 | D        | Found a shimmering altar of Xom.
   171 | D        | Found an ornate altar of the Wu Jian Council.
   171 | D        | Found a sacrificial altar of Ru.
   171 | D        | Found a stormy altar of Qazlal.
   171 | D        | Found an iron altar of Okawaru.
   171 | D        | Found a sparkling altar of Nemelex Xobeh.
   171 | D        | Found a burning altar of Makhleb.
   171 | D        | Found a blossoming altar of Fedhas.
   171 | D        | Found a white marble altar of Elyvilon.
   171 | D        | Found a shadowy altar of Dithmenos.
   171 | D        | Found a snail-covered altar of Cheibriados.
   175 | D        | Found a corrupted altar of Lugonu.
   175 | D        | Found a radiant altar of Vehumet.
   176 | D        | Found a broken altar of Ashenzari.
   176 | D        | Found an ancient bone altar of Kikubaaqudgha.
   176 | D        | Found a hide-covered altar of Uskayaw.
   221 | D        | Reached *** piety under Trog
   234 | D        | Noticed a fire bat
   234 | D        | Noticed a floating eye
   238 | D        | Killed a floating eye
   239 | D        | Reached XP level 7. HP: 46/80 MP: 6/6
   246 | D        | HP: 1/80 [fire bat (7)]
   248 | D        | Mangled by a gnoll

Illustrated notes

Levels and vault maps discovered:
D:        pitsprint [storerooms_1, entrance_room_1, metal_vault_2, armoury_2,
          mini_pit_1, grid_room_1, main_hall_1, silver_pit, the_coven_3,
          the_vestibule_1, steel_vault_4, golden_pit, hallway_of_sentries,
          crystal_vault_2, iron_vault_1, final_vault]

Skill      XL: |  1  2  3  4  5  6 |
---------------+-------------------+-----
Fighting       | 4 5 6 8 |  8.0
Dodging        | 4 5 6 7 |  7.9
Unarmed Combat | 5 6 8 9 |  9.5

Action                     |  1- 3 |  4- 6 |  7- 9 || total
---------------------------+-------+-------+-------++-------
  Melee: Unarmed           |     7 |    24 |     7 ||    38
         Punch             |       |     1 |       ||     1
 Invoke: Berserk           |     1 |       |       ||     1
    Use: Potion            |       |       |     1 ||     1
 Armour: Animal skin       |     5 |    17 |    14 ||    36
  Dodge: Dodged            |     6 |    11 |    10 ||    27

Table legend: (Time is in decaauts)
 A = Elapsed time spent in this place.
 B = Non-inter-level travel time spent in this place.
 C = Inter-level travel time spent in this place.
 D = Time resting spent in this place.
 E = Time spent auto-exploring this place.
 F = Levels seen in this place.
 G = Mean time per level.
                   A        B        C        D        E       F      G
               +--------+--------+--------+--------+--------+-----+--------+
         Total |    249 |    249 |      0 |     38 |     49 |   1 |  249.0 |
       Dungeon |    249 |    249 |      0 |     38 |     49 |   1 |  249.0 |
               +--------+--------+--------+--------+--------+-----+--------+

Top non-repeatable levels by time:
       D: 249 daAuts
